[Event "42nd Olympiad Baku 2016 Open"]
[Site "Baku"]
[Date "2016.09.02"]
[Round "1.32"]
[White "Janchivnyambuu, Enkhbayar"]
[Black "Gonzales, Dennis"]
[Result "1-0"]
[ECO "D37"]
[WhiteElo "2049"]
[BlackElo "1651"]
[PlyCount "86"]
[EventDate "2016.??.??"]
[EventCountry "AZE"]
[WhiteTeam "Vereinigte Staaten"]
[BlackTeam "PLW"]
[WhiteTeamCountry "USA"]
[TimeControl "40/5400+30:1800+30"]
[WhiteClock "1:30:35"]
[BlackClock "1:27:29"]

1. d4 {(00:00} d5 {(00:00} 2. c4 {(00:00} Nf6 {(
01:20} 3. Nc3 {(00:45} e6 {(01:48} 4. Nf3 {(00:40} Be7
{(01:23} 5. Bg5 {(00:30} c6 {(00:30} 6. e3 {(00:
30} h6 {(00:30} 7. Bh4 {(00:30} Ne4 {(00:30} 8. Bxe7 {
(00:30} Qxe7 {(00:30} 9. Bd3 {(00:30} f5 {(00:
30} 10. Ne5 {(00:30} Qg5 {(00:30} 11. Qe2 {(00:30} O-O
{(00:30} 12. O-O {(00:30} Nd7 {(00:30} 13. f4 {(
00:30} Qf6 {(00:30} 14. Rad1 {(00:30} Nxe5 {(00:30}
15. dxe5 {(00:30} Qe7 {(00:30} 16. Qc2 {(00:30} Bd7 {
(00:30} 17. Ne2 {(00:30} Be8 {(00:30} 18. cxd5 {
(00:30} exd5 {(00:30} 19. Nd4 {(00:30} c5 {(00:
30} 20. Bxe4 {(00:30} dxe4 {(00:30} 21. Nb3 {(00:30}
b6 {(00:30} 22. Rd6 {(00:30} Bb5 {(00:30} 23. Rfd1 {
(00:30} Bd3 {(00:30} 24. Qc3 {(00:30} Rad8 {(00:
30} 25. Rg6 {(00:30} Kh7 {(00:30} 26. Rg3 {(00:30} Be2
{(00:30} 27. Rd2 {(00:30} Rxd2 {(00:30} 28. Nxd2 {
(00:30} Rd8 {(00:30} 29. Kf2 {(00:30} Bg4 {(00:
30} 30. Nxe4 {(00:30} Rd1 {(00:30} 31. Nd6 {(00:30}
Qe6 {(00:30} 32. Rxg4 {(00:30} fxg4 {(00:30} 33. Qc2+ {
(00:30} g6 {(00:30} 34. Qxd1 {(00:30} Qxa2 {(00:
30} 35. Qc2 {(00:30} Qe6 {(00:30} 36. Qc4 {(00:30} Qe7
{(00:30} 37. Qf7+ {(00:30} Qxf7 {(00:30} 38. Nxf7 {
(00:30} Kg7 {(00:30} 39. Nd6 {(00:30} a6 {(00:
30} 40. e4 {(00:30} b5 {(00:30} 41. f5 {(30:30} gxf5 {
(30:30} 42. exf5 {(00:30} b4 {(00:30} 43. f6+ {(
00:30} Kf8 1-0

[Event "42nd Olympiad Baku 2016 Open"]
[Site "Baku"]
[Date "2016.09.02"]
[Round "1.12"]
[White "Jezov, Roman"]
[Black "Sair Soyar Ahmad"]
[Result "1-0"]
[ECO "B82"]
[WhiteElo "2283"]
[BlackElo "1715"]
[PlyCount "97"]
[EventDate "2016.??.??"]
[EventCountry "AZE"]
[WhiteTeam "Estland"]
[BlackTeam "Afghanistan"]
[WhiteTeamCountry "EST"]
[BlackTeamCountry "AFG"]
[TimeControl "40/5400+30:1800+30"]
[WhiteClock "1:06:23"]
[BlackClock "0:45:05"]

1. e4 {(00:00} c5 {(00:00} 2. Nf3 {(00:06} d6 {(
01:03} 3. d4 {(00:10} cxd4 {(00:13} 4. Nxd4 {(00:07}
Nf6 {(00:26} 5. Nc3 {(00:08} e6 {(02:05} 6. f4 {
(00:40} Be7 {(01:10} 7. Qf3 {(00:48} Nc6 {(01:
32} 8. Be3 {(00:09} a6 {(01:58} 9. O-O-O {(03:06} Qc7
{(01:45} 10. h3 {(08:21} b5 {(00:55} 11. e5 {(
02:51} Nd5 {(26:38} 12. Nxd5 {(02:38} exd5 {(00:12}
13. exd6 {(04:21} Qxd6 {(10:35} 14. Nxc6 {(00:39} Qxc6
{(00:22} 15. Qxd5 {(00:07} Qxd5 {(03:34} 16. Rxd5 {
(00:14} Bb7 {(01:02} 17. Rd2 {(01:31} Rc8 {(02:
25} 18. Bd3 {(07:53} Bb4 {(01:58} 19. c3 {(01:03} O-O
{(01:47} 20. Bc2 {(06:32} Ba5 {(00:53} 21. b4 {(
06:16} Bc7 {(03:54} 22. Rf1 {(00:58} Rfd8 {(01:06} 23.
Bd4 {(02:02} Bd5 {(01:55} 24. Kb2 {(02:37} Bc4 {
(00:38} 25. Bd3 {(00:42} Bd5 {(01:16} 26. g4 {(
00:54} Re8 {(01:19} 27. Re2 {(05:02} Rxe2+ {(00:19}
28. Bxe2 {(00:06} Re8 {(00:22} 29. Bd3 {(01:21} Bg2 {
(01:53} 30. Rf2 {(04:56} Bd5 {(03:49} 31. a4 {(
04:12} bxa4 {(02:48} 32. Bxa6 {(00:13} Ra8 {(00:29}
33. c4 {(00:55} Rxa6 {(06:11} 34. cxd5 {(00:13} Bb6 {
(02:57} 35. Bxb6 {(00:27} Rxb6 {(00:08} 36. Ka3 {
(00:03} Ra6 {(01:52} 37. b5 {(00:25} Ra8 {(00:
06} 38. b6 {(00:42} Kf8 {(00:37} 39. b7 {(00:26} Rb8 {
(00:06} 40. Rb2 {(00:00} Ke7 {(00:00} 41. Kxa4 {
(00:15} Kd6 {(00:29} 42. Ka5 {(00:08} Kxd5 {(03:
07} 43. Ka6 {(02:29} f5 {(00:35} 44. Ka7 {(00:19} Re8
{(00:47} 45. b8=Q {(00:11} Rxb8 {(00:12} 46. Rxb8 {
(00:11} fxg4 {(00:25} 47. hxg4 {(00:05} Ke4 {(
00:45} 48. f5 {(00:27} Kf4 {(00:17} 49. Rb7 {(00:08}
1-0

[Event "42nd Olympiad Baku 2016 Open"]
[Site "Baku"]
[Date "2016.09.02"]
[Round "1.12"]
[White "Johnson, Joshua"]
[Black "Markovic, Miroslav"]
[Result "0-1"]
[ECO "B00"]
[WhiteElo "2119"]
[BlackElo "2459"]
[PlyCount "52"]
[EventDate "2016.??.??"]
[EventCountry "AZE"]
[WhiteTeam "TTO"]
[BlackTeam "Serbien"]
[BlackTeamCountry "SRB"]
[TimeControl "40/5400+30:1800+30"]
[WhiteClock "0:02:01"]
[BlackClock "0:48:08"]

1. e4 {(00:00} b6 {(00:00} 2. d4 {(00:14} Bb7 {(
00:00} 3. Bd3 {(01:05} Nf6 {(00:20} 4. Qe2 {(02:14} e6
{(00:10} 5. Nc3 {(01:43} Bb4 {(01:30} 6. Bd2 {(
05:54} d5 {(12:08} 7. e5 {(05:16} Bxc3 {(00:09} 8.
bxc3 {(02:19} Ne4 {(00:09} 9. Qg4 {(05:12} Kf8 {
(07:06} 10. Bxe4 {(06:20} dxe4 {(00:08} 11. Ne2 {
(00:22} h5 {(03:53} 12. Qf4 {(03:59} Qd5 {(01:
56} 13. Qh4 {(05:02} Nc6 {(03:31} 14. Rg1 {(11:12} Ne7
{(09:13} 15. Nf4 {(13:21} Qc4 {(01:09} 16. g4 {(
08:02} c5 {(00:32} 17. Nxh5 {(11:43} Ba6 {(03:39} 18.
O-O-O {(01:54} Qxa2 {(02:45} 19. Bg5 {(10:38} Nd5 {
(00:41} 20. Qg3 {(00:10} e3 {(00:53} 21. fxe3 {(
02:48} Qa1+ {(03:26} 22. Kd2 {(00:01} Qxc3+ {(00:11}
23. Kc1 {(00:01} Qa1+ {(00:35} 24. Kd2 {(00:07} Qa5+ {
(00:04} 25. Kc1 {(00:08} Nc3 {(00:22} 26. Qe1 {(
01:14} Qa1+ {(00:22} 0-1

[Event "42nd Olympiad Baku 2016 Open"]
[Site "Baku"]
[Date "2016.09.02"]
[Round "1.26"]
[White "Jones, Gawain C B"]
[Black "Mueller, Oliver"]
[Result "1-0"]
[ECO "B52"]
[WhiteElo "2635"]
[BlackElo "2272"]
[PlyCount "93"]
[EventDate "2016.??.??"]
[EventCountry "AZE"]
[WhiteTeam "England"]
[BlackTeam "Deutschland"]
[WhiteTeamCountry "ENG"]
[BlackTeamCountry "GER"]
[TimeControl "40/5400+30:1800+30"]

1. e4 c5 2. Nf3 d6 3. Bb5+ Bd7 4. Bxd7+ Qxd7 5. c4 Nc6 6. Nc3 g6 7. d4 cxd4 8.
Nxd4 Bg7 9. Be3 Nf6 10. h3 O-O 11. O-O Nxd4 12. Bxd4 Rfc8 13. Qd3 Qd8 14. Rac1
a6 15. Rfd1 Qa5 16. Bxf6 Bxf6 17. Nd5 Rc6 18. a3 Rac8 19. Rc2 Qd8 20. Nxf6+
exf6 21. Rc3 Qe7 22. Qc2 Qe6 23. Rd5 Re8 24. Qd1 Rec8 25. Qd4 Kg7 26. a4 Qe7
27. b3 Re8 28. Re3 Qc7 29. g4 h6 30. Kg2 Qb6 31. Qc3 Rc5 32. Qd4 Rc6 33. Qd2
Re5 34. h4 Qd8 35. Qd4 Qe7 36. f4 Re6 37. Kf3 Rc8 38. f5 Re5 39. Rxd6 Re8 40.
g5 hxg5 41. hxg5 Kg8 42. gxf6 Qf8 43. fxg6 fxg6 44. Ke2 Qh6 45. Rd7 Qh2+ 46.
Kd3 Rf8 47. Qxe5 1-0

[Event "42nd Olympiad Baku 2016 Open"]
[Site "Baku"]
[Date "2016.09.02"]
[Round "1.26"]
[White "Juarez Flores, Carlos A"]
[Black "Edouard, Romain"]
[Result "0-1"]
[ECO "E32"]
[WhiteElo "2392"]
[BlackElo "2635"]
[PlyCount "110"]
[EventDate "2016.??.??"]
[EventCountry "AZE"]
[WhiteTeam "Guatemala"]
[BlackTeam "Frankreich"]
[WhiteTeamCountry "GUA"]
[BlackTeamCountry "FRA"]
[TimeControl "40/5400+30:1800+30"]
[WhiteClock "0:04:43"]
[BlackClock "0:08:53"]

1. d4 {(00:00} Nf6 {(00:11} 2. c4 {(00:00} e6 {(
00:39} 3. Nc3 {(00:00} Bb4 {(00:05} 4. Qc2 {(00:05}
O-O {(03:34} 5. Bg5 {(01:40} c5 {(03:57} 6. dxc5 {
(00:44} Bxc5 {(03:19} 7. e3 {(01:14} h6 {(00:47]
} 8. Bh4 {(00:16} b6 {(02:41} 9. Nf3 {(02:01} Bb7 {
(00:12} 10. Be2 {(00:47} Be7 {(01:07} 11. O-O {(
00:44} d6 {(01:35} 12. Rfd1 {(01:07} a6 {(00:18} 13.
Rac1 {(07:10} Nbd7 {(10:27} 14. Bg3 {(08:06} Qc7 {
(01:21} 15. Qd2 {(07:39} Ne5 {(00:48} 16. Nxe5 {
(02:47} dxe5 {(00:05} 17. Qc2 {(00:46} Nd7 {(12:
00} 18. Qb1 {(07:12} f5 {(01:51} 19. h3 {(05:47} f4 {
(14:10} 20. exf4 {(04:32} exf4 {(00:02} 21. Bh2 {
(03:59} Nf6 {(08:15} 22. Qg6 {(07:55} Bb4 {(01:
07} 23. Bd3 {(02:11} Rad8 {(03:31} 24. Ne2 {(20:24} e5
{(00:50} 25. c5 {(06:49} bxc5 {(09:31} 26. a3 {(
00:45} Ba5 {(00:07} 27. b4 {(02:02} Bb6 {(00:05} 28.
bxc5 {(03:52} Bxc5 {(00:15} 29. Nc3 {(01:58} Qe7 {
(03:12} 30. Ne4 {(01:24} Bxe4 {(02:23} 31. Bxe4 {
(00:02} Bxa3 {(00:19} 32. Rb1 {(00:34} Rxd1+ {(
01:18} 33. Rxd1 {(00:03} Rd8 {(00:04} 34. Bd3 {(00:50}
a5 {(07:11} 35. Qf5 {(00:40} Kf8 {(04:14} 36. Bc2 {
(01:23} Rxd1+ {(02:19} 37. Bxd1 {(00:01} Qd7 {(
00:08} 38. Qc2 {(00:06} Qd4 {(02:45} 39. Kh1 {(01:21}
Bc5 {(00:46} 40. Bg1 {(00:00} e4 {(00:00} 41. Qb3 {
(01:53} Bb4 {(07:03} 42. Be2 {(01:30} Qd5 {(04:
29} 43. Qc2 {(02:41} Qc5 {(00:45} 44. Qd1 {(01:03} Ke7
{(00:33} 45. Qb3 {(01:37} g5 {(03:09} 46. Bd1 {(
02:44} h5 {(04:11} 47. Bc2 {(04:35} g4 {(03:40} 48.
Kh2 {(10:35} Qc3 {(02:42} 49. Qb1 {(01:17} gxh3 {
(03:40} 50. Bxe4 {(03:10} Ng4+ {(00:05} 51. Kh1 {
(00:09} h2 {(00:02} 52. Bxh2 {(00:12} Nxf2+ {(
00:04} 53. Kg1 {(00:06} Qe3 {(00:15} 54. Bh7 {(02:10}
Nd1+ {(00:13} 55. Kh1 {(00:09} Qe1+ {(00:17} 0-1

[Event "42nd Olympiad Baku 2016 Open"]
[Site "Baku"]
[Date "2016.09.02"]
[Round "1.6"]
[White "Kadric, Denis"]
[Black "Matoewi, Roger"]
[Result "1-0"]
[ECO "A11"]
[WhiteElo "2583"]
[BlackElo "2042"]
[PlyCount "41"]
[EventDate "2016.??.??"]
[EventCountry "AZE"]
[WhiteTeam "Bosnien  Herzegowina"]
[BlackTeam "Surinam"]
[WhiteTeamCountry "BIH"]
[BlackTeamCountry "SUR"]
[TimeControl "40/5400+30:1800+30"]
[WhiteClock "1:24:42"]
[BlackClock "0:43:51"]

1. e4 {(00:00} a6 {(00:00} 2. d4 {(00:00} d6 {(
00:01} 3. Nc3 {(00:15} g6 {(01:33} 4. f4 {(00:10} Bg7
{(00:09} 5. Nf3 {(00:03} Bg4 {(01:03} 6. Be3 {(
00:11} Nf6 {(00:14} 7. h3 {(00:11} Bxf3 {(00:46} 8.
Qxf3 {(00:03} c6 {(09:07} 9. O-O-O {(01:03} Qa5 {
(03:25} 10. Kb1 {(00:44} O-O {(03:09} 11. g4 {(
00:30} Nfd7 {(02:18} 12. h4 {(00:52} c5 {(00:49} 13.
h5 {(00:46} cxd4 {(02:33} 14. Bxd4 {(00:02} e5 {
(05:45} 15. Bf2 {(02:32} exf4 {(06:25} 16. hxg6 {
(00:04} fxg6 {(03:55} 17. Bc4+ {(01:40} Kh8 {(
01:19} 18. Qh3 {(03:17} h6 {(04:19} 19. Rxd6 {(00:03}
Ne5 {(00:33} 20. Bd4 {(00:02} Kh7 {(08:46} 21. Rd5 {
(03:20} 1-0

[Event "42nd Olympiad Baku 2016 Open"]
[Site "Baku"]
[Date "2016.09.02"]
[Round "1.32"]
[White "Karthikeyan, Murali"]
[Black "Parraga, Alejandro"]
[Result "1-0"]
[ECO "B11"]
[WhiteElo "2527"]
[BlackElo "2173"]
[PlyCount "79"]
[EventDate "2016.??.??"]
[EventCountry "AZE"]
[WhiteTeam "Indien"]
[BlackTeam "Bolivien"]
[WhiteTeamCountry "IND"]
[BlackTeamCountry "BOL"]
[TimeControl "40/5400+30:1800+30"]
[WhiteClock "0:31:21"]
[BlackClock "0:00:31"]

1. e4 {(00:00} c6 {(00:08} 2. Nf3 {(00:18} d5 {(
00:54} 3. Nc3 {(00:20} Bg4 {(01:37} 4. h3 {(00:12}
Bxf3 {(01:00} 5. Qxf3 {(00:11} e6 {(00:39} 6. Be2 {
(02:22} Nf6 {(03:29} 7. O-O {(04:01} Nbd7 {(02:
28} 8. d4 {(02:59} dxe4 {(04:56} 9. Nxe4 {(00:35} Be7
{(03:51} 10. Rd1 {(10:05} O-O {(08:36} 11. c4 {(
05:56} Nxe4 {(07:12} 12. Qxe4 {(00:09} Nf6 {(00:40}
13. Qf3 {(03:02} Qa5 {(06:17} 14. Bd2 {(15:20} Qb6 {
(11:33} 15. Be3 {(07:11} Qc7 {(07:46} 16. Rac1 {
(04:25} Qd7 {(05:50} 17. g4 {(11:01} Rfd8 {(02:
39} 18. Bd3 {(09:19} Ne8 {(09:47} 19. h4 {(08:19} Bf8
{(04:05} 20. h5 {(01:55} Qe7 {(02:43} 21. Kg2 {(
01:34} Nd6 {(04:28} 22. Bf4 {(01:49} Rac8 {(02:10} 23.
Bb1 {(03:27} a6 {(02:48} 24. Qd3 {(01:34} f5 {(
02:26} 25. Qe2 {(02:32} Qf7 {(01:05} 26. Re1 {(01:27}
Re8 {(01:22} 27. Qf3 {(00:40} Rcd8 {(01:40} 28. Be5 {
(02:37} b5 {(01:04} 29. cxb5 {(00:26} cxb5 {(00:
41} 30. b3 {(00:41} Rd7 {(00:30} 31. Rc6 {(00:20} fxg4
{(00:32} 32. Qxg4 {(00:20} Nf5 {(00:30} 33. Rxa6 {
(00:43} Red8 {(00:30} 34. Re4 {(00:37} Rd5 {(00:
32} 35. Rc6 {(00:25} b4 {(00:29} 36. Rf4 {(00:29} Qb7
{(00:26} 37. Rc7 {(00:21} Qa8 {(00:32} 38. Be4 {
(00:26} Qxa2 {(00:30} 39. Rxf5 {(00:19} Rxe5 {(
00:34} 40. Rxf8+ {(00:00} 1-0

[Event "42nd Olympiad Baku 2016 Open"]
[Site "Baku"]
[Date "2016.09.02"]
[Round "1.34"]
[White "Kazhgaleyev, Murtas"]
[Black "Chinasamy, Devarajen"]
[Result "1-0"]
[ECO "A46"]
[WhiteElo "2594"]
[BlackElo "2018"]
[PlyCount "63"]
[EventDate "2016.??.??"]
[EventCountry "AZE"]
[WhiteTeam "Kasachstan"]
[BlackTeam "Mauritius"]
[WhiteTeamCountry "KAZ"]
[BlackTeamCountry "MRI"]
[TimeControl "40/5400+30:1800+30"]
[WhiteClock "0:36:59"]
[BlackClock "0:02:29"]

1. d4 {(00:00} Nf6 {(00:00} 2. Nf3 {(00:00} e6 {
(00:00} 3. e3 {(00:00} c5 {(00:48} 4. Bd3 {(00:
30} Nc6 {(03:17} 5. O-O {(01:27} Be7 {(01:07} 6. c4 {
(03:40} O-O {(01:44} 7. dxc5 {(03:24} Bxc5 {(01:
49} 8. a3 {(00:53} d5 {(06:58} 9. b4 {(04:33} Bd6 {
(06:54} 10. Bb2 {(00:54} a6 {(05:36} 11. Nbd2 {(
02:21} Bd7 {(11:36} 12. e4 {(05:17} dxc4 {(11:01} 13.
Nxc4 {(00:51} Bc7 {(01:11} 14. Qc2 {(04:18} b5 {
(04:55} 15. Ne3 {(00:42} Qb8 {(01:23} 16. Qc5 {(
06:51} Bb6 {(03:53} 17. Qg5 {(00:34} h6 {(00:21} 18.
Qh4 {(00:28} Bd8 {(00:47} 19. e5 {(06:09} Nh7 {(
03:20} 20. Qh5 {(02:01} Ng5 {(02:47} 21. Nxg5 {(04:53}
Bxg5 {(01:08} 22. Ng4 {(02:27} Be8 {(05:18} 23. Qh3 {
(02:16} Bf4 {(04:44} 24. Qf3 {(01:51} Bg5 {(02:
38} 25. h4 {(01:38} Be7 {(05:11} 26. Nxh6+ {(04:07}
Kh8 {(02:44} 27. Ng4 {(02:46} Ra7 {(05:36} 28. Qe4 {
(02:33} g6 {(00:25} 29. Qe3 {(00:33} Kg8 {(03:
25} 30. Qh6 {(00:42} f5 {(02:19} 31. exf6 {(00:10} Bd8
{(00:06} 32. f7+ {(00:12} 1-0

[Event "42nd Olympiad Baku 2016 Open"]
[Site "Baku"]
[Date "2016.09.02"]
[Round "1.1"]
[White "Kigigha, Bomo"]
[Black "Karjakin, Sergey"]
[Result "0-1"]
[ECO "A05"]
[WhiteElo "2340"]
[BlackElo "2769"]
[PlyCount "54"]
[EventDate "2016.??.??"]
[EventCountry "AZE"]
[WhiteTeam "Nigeria"]
[BlackTeam "Russland"]
[WhiteTeamCountry "NGR"]
[BlackTeamCountry "RUS"]
[TimeControl "40/5400+30:1800+30"]
[WhiteClock "0:01:08"]
[BlackClock "0:36:36"]

1. Nf3 {(00:00} Nf6 {(00:00} 2. g3 {(00:00} d5 {
(01:38} 3. c4 {(00:02} d4 {(03:07} 4. Bg2 {(01:
34} c5 {(03:23} 5. b4 {(02:03} cxb4 {(04:19} 6. O-O {
(03:21} Nc6 {(00:22} 7. e3 {(10:21} e5 {(03:49}
8. exd4 {(06:42} e4 {(06:53} 9. Ng5 {(13:56} Qxd4 {
(03:41} 10. Qb3 {(00:05} Qxa1 {(03:24} 11. Bb2 {
(00:58} Na5 {(04:25} 12. Bxa1 {(04:42} Nxb3 {(
00:07} 13. axb3 {(00:04} Bf5 {(07:33} 14. Bxf6 {(11:31]
} gxf6 {(00:06} 15. Nxe4 {(01:22} O-O-O {(01:23} 16.
Re1 {(09:20} Kb8 {(04:18} 17. g4 {(17:49} Bg6 {(
11:11} 18. f4 {(01:22} f5 {(00:21} 19. Ng3 {(00:04}
Bc5+ {(00:08} 20. Kf1 {(00:42} Rd4 {(00:32} 21. Ne2 {
(02:46} Rhd8 {(02:01} 22. g5 {(09:35} Bh5 {(01:
30} 23. Nxd4 {(00:48} Rxd4 {(00:02} 24. Bd5 {(02:22}
Rxf4+ {(00:17} 25. Kg2 {(00:07} Rf2+ {(00:15} 26. Kg3 {
(00:38} f4+ {(01:16} 27. Kh3 {(00:08} f3 {(00:
53} 0-1

[Event "42nd Olympiad Baku 2016 Open"]
[Site "Baku"]
[Date "2016.09.02"]
[Round "1.30"]
[White "Kim, Inguh"]
[Black "Vera Siguenas, Deivy"]
[Result "0-1"]
[ECO "A48"]
[WhiteElo "1918"]
[BlackElo "2499"]
[PlyCount "80"]
[EventDate "2016.??.??"]
[EventCountry "AZE"]
[WhiteTeam "Korea"]
[BlackTeam "Peru"]
[WhiteTeamCountry "KOR"]
[BlackTeamCountry "PER"]
[TimeControl "40/5400+30:1800+30"]
[WhiteClock "0:30:44"]
[BlackClock "0:41:37"]

1. d4 {(00:00} Nf6 {(00:00} 2. Bf4 {(00:35} g6 {
(00:00} 3. Nf3 {(00:13} Bg7 {(00:01} 4. e3 {(00:
10} O-O {(00:10} 5. h3 {(00:27} d6 {(00:38} 6. Be2 {
(00:41} c5 {(00:22} 7. c3 {(00:48} b6 {(00:18}
8. O-O {(00:37} Bb7 {(00:04} 9. Nbd2 {(00:55} Nbd7 {
(00:12} 10. a4 {(00:19} a6 {(00:04} 11. Bh2 {(
00:26} Qc7 {(00:13} 12. b4 {(03:21} Rfc8 {(10:21} 13.
Rc1 {(09:32} Qd8 {(13:43} 14. Qb3 {(05:35} cxb4 {
(01:49} 15. cxb4 {(02:26} Rxc1 {(00:33} 16. Rxc1 {
(00:09} Rc8 {(00:13} 17. Rxc8 {(05:58} Qxc8 {(
00:05} 18. Bc4 {(10:28} d5 {(05:04} 19. Be2 {(09:25}
e6 {(01:51} 20. Bd1 {(05:58} b5 {(14:02} 21. a5 {
(06:49} Ne4 {(04:19} 22. Nb1 {(07:39} Bf8 {(03:
47} 23. Ne1 {(00:30} Nd6 {(01:45} 24. Bxd6 {(00:31}
Bxd6 {(00:04} 25. Nd3 {(05:29} Nb8 {(13:25} 26. Nc5 {
(06:49} Bxc5 {(00:57} 27. dxc5 {(00:33} Nc6 {(
00:05} 28. Bf3 {(05:14} Qd8 {(00:40} 29. Nd2 {(02:32}
Qf6 {(04:06} 30. Kh2 {(03:01} Qe5+ {(00:45} 31. g3 {
(02:34} Qa1 {(00:09} 32. Bd1 {(02:36} d4 {(06:
06} 33. Bf3 {(01:51} Qe1 {(01:41} 34. Ne4 {(00:28} Ne5
{(07:34} 35. Nf6+ {(00:47} Kg7 {(00:12} 36. Bxb7 {
(01:28} Qxf2+ {(00:05} 37. Kh1 {(00:03} dxe3 {(
01:30} 38. Ng4 {(01:22} Nxg4 {(01:17} 39. hxg4 {(00:14]
} e2 {(00:04} 40. Qc3+ {(00:00} f6 {(00:00} 0-1

[Event "42nd Olympiad Baku 2016 Open"]
[Site "Baku"]
[Date "2016.09.02"]
[Round "1.32"]
[White "Kim, Saebyeok"]
[Black "Fernandez, Fernando"]
[Result "0-1"]
[ECO "B90"]
[WhiteElo "1950"]
[BlackElo "2410"]
[PlyCount "86"]
[EventDate "2016.??.??"]
[EventCountry "AZE"]
[WhiteTeam "Korea"]
[BlackTeam "Peru"]
[WhiteTeamCountry "KOR"]
[BlackTeamCountry "PER"]
[TimeControl "40/5400+30:1800+30"]
[WhiteClock "0:31:14"]
[BlackClock "0:45:43"]

1. e4 {(00:00} c5 {(00:00} 2. Nf3 {(00:00} d6 {(
00:11} 3. d4 {(00:03} cxd4 {(00:06} 4. Nxd4 {(00:04}
Nf6 5. Nc3 {(00:13} a6 {(00:24} 6. Be3 {(00:40} e6 {
(00:43} 7. f3 {(00:54} b5 {(01:27} 8. Qd2 {(01:
59} Nbd7 {(00:25} 9. g4 {(01:20} h6 {(00:05} 10. O-O-O
{(02:40} Qc7 {(01:49} 11. h4 {(04:04} b4 {(00:
39} 12. Nce2 {(00:26} d5 {(00:52} 13. exd5 {(04:14}
Nxd5 14. Nf4 {(00:35} Bb7 {(21:03} 15. Kb1 {[%emt 1:01:03}
Nxe3 {(17:28} 16. Qxe3 {(00:46} Qb6 {(00:07} 17. Nfe2 {
(09:56} Bc5 {(05:03} 18. Qd2 {(06:06} O-O-O {(
01:52} 19. Bg2 {(00:44} Ne5 {(15:05} 20. Qf4 {(01:30}
Qc7 {(00:04} 21. Qg3 {(01:15} Nc4 {(01:23} 22. Qxc7+ {
(00:39} Kxc7 {(00:03} 23. Nb3 {(01:06} Bb6 {(01:
17} 24. Rd3 {(01:05} Ne3 {(04:38} 25. Rh2 {(00:20}
Rxd3 {(00:30} 26. cxd3 {(00:07} Nxg2 {(00:12} 27. Rxg2
{(00:16} Bxf3 {(00:05} 28. Rh2 {(00:47} Bxg4 {(
00:17} 29. Ned4 {(01:01} Rd8 {(01:23} 30. Rc2+ {(00:05]
} Kb7 {(00:32} 31. Rc4 {(00:26} Rd5 {(05:31} 32. Rxb4 {
(00:39} e5 {(01:34} 33. Nc2 {(00:42} Bf5 {(00:
15} 34. a4 {(00:40} a5 {(00:30} 35. Rc4 {(00:24} Rxd3
{(00:37} 36. Nc5+ {(00:34} Bxc5 {(00:13} 37. Rxc5 {
(00:04} Rd2 {(00:41} 38. Rxe5 {(00:55} Rd1+ {(
03:44} 39. Ka2 {(00:21} Bxc2 {(00:03} 40. Re7+ {(00:00]
} Kb6 {(00:00} 41. Rxf7 {(00:56} Rd4 {(02:35} 42. b3 {
(00:32} Rxh4 {(02:14} 43. Rxg7 {(00:05} Rh3 {(
00:07} 0-1

[Event "42nd Olympiad Baku 2016 Open"]
[Site "Baku"]
[Date "2016.09.02"]
[Round "1.25"]
[White "Kirby, Peter J"]
[Black "Laurusas, Tomas"]
[Result "0-1"]
[ECO "A20"]
[WhiteElo "2014"]
[BlackElo "2437"]
[PlyCount "66"]
[EventDate "2016.??.??"]
[EventCountry "AZE"]
[WhiteTeam "Kanalinseln"]
[BlackTeam "Litauen"]
[WhiteTeamCountry "GCI"]
[BlackTeamCountry "LTU"]
[TimeControl "40/5400+30:1800+30"]
[WhiteClock "0:16:26"]
[BlackClock "0:18:24"]

1. c4 {(00:00} e5 {(00:00} 2. g3 {(00:00} h5 {(
00:00} 3. h4 {(00:10} Nc6 {(03:23} 4. Bg2 {(01:15} Bc5
{(05:55} 5. Nc3 {(02:09} d6 {(00:13} 6. d3 {(10:
41} Bg4 {(04:28} 7. Nf3 {(02:41} Qd7 {(02:14} 8. a3 {
(02:39} a5 {(00:56} 9. Nd5 {(05:33} Nf6 {(12:26]
} 10. Be3 {(08:10} Nxd5 {(12:23} 11. cxd5 {(01:17} Nd4
{(00:13} 12. Bxd4 {(04:16} exd4 {(00:31} 13. O-O {
(02:30} O-O {(00:24} 14. Qd2 {(03:58} a4 {(11:
28} 15. Qf4 {(04:24} Qf5 {(02:04} 16. Qxf5 {(03:07}
Bxf5 {(00:03} 17. Nd2 {(02:48} b5 {(02:57} 18. b4 {
(05:32} axb3 {(00:51} 19. Nxb3 {(00:02} Bb6 {(
03:38} 20. Rfb1 {(01:27} Ra4 {(11:34} 21. Bf3 {(01:58}
g6 {(00:33} 22. Nd2 {(00:33} Bd7 {(00:14} 23. Rb3 {
(07:31} Rfa8 {(00:15} 24. Kg2 {(00:53} Kf8 {(01:
07} 25. Ne4 {(08:03} Ke7 {(05:14} 26. e3 {(00:02} b4 {
(00:09} 27. Nd2 {(01:54} Rxa3 {(01:57} 28. Rab1 {
(00:37} dxe3 {(00:42} 29. Nc4 {(01:29} Rxb3 {(
00:08} 30. Rxb3 {(00:15} Ra2 {(00:08} 31. Rb2 {(02:25}
Rxb2 {(01:07} 32. Nxb2 {(00:02} exf2 {(00:13} 33. Kf1 {
(01:43} Bd4 {(00:38} 0-1